AoeStats
← asplin27

Arena

509074202Analyzed
1v1 RM · 6d ago on Sep 25, 2026· 44m 53s· 2 players
Game mode
Random Map
Map size
Tiny (2 player)
Population
200
Speed
Normal
Resources
Standard
Victory
Conquest
Starting age
Dark Age
Ending age
Imperial Age
RankedLock teamsTeams togetherTeam positionsShared explorationLock speedFull tech treeHidden civsTurbo modeCheats
Victory
Defeat
🇩🇪 Bohemians · Germany
880
+15
🇹🇼 Franks · Taiwan
866
-15
asplin27
1:27 Loom
11:44 Feudal Age
12:36 Double-Bit Axe
18:02 Castle Age
17:45 Forging
19:38 Husbandry
20:08 Pikeman
23:33 Scale Barding Armor
24:26 Padded Archer Armor
26:30 Bow Saw
29:29 Scale Mail Armor
31:48 Wheelbarrow
35:21 Gold Mining
38:56 Imperial Age
36:33 Fletching
37:58 Chain Barding Armor
37:09 Elite Skirmisher
38:07 Light Cavalry
38:59 Squires
38:26 Man-at-Arms
40:32 Conscription
40:22 Bodkin Arrow
40:03 Cavalier
41:59 Leather Archer Armor
43:16 Iron Casting
Radon
11:18 Feudal Age
13:17 Wheelbarrow
16:00 Castle Age
16:00 Wheelbarrow
15:11 Loom
16:16 Scale Mail Armor
20:26 Chain Mail Armor
20:56 Pikeman
22:19 Squires
25:43 Forging
29:17 Iron Casting
28:59 Hand Cart
32:00 Double-Bit Axe
31:57 Horse Collar
32:43 Husbandry
33:08 Bow Saw
33:09 Heavy Plow
37:39 Town Watch
40:45 Imperial Age
39:57 Chemistry
39:19 Ballistics
39:06 Murder Holes
39:33 Masonry
41:53 Conscription
41:08 Elite Skirmisher
41:10 Halberdier
42:05 Scale Barding Armor
43:17 Town Patrol
42:54 Cavalier
44:22 Chain Barding Armor
44:32 Plate Mail Armor
Connection lost

Rejoining the realm…

Still unreachable

The connection could not be restored.

Session expired

The server has moved on; the page needs a fresh start.